 Dungeon Crawl Stone Soup version 0.23-a0-446-g036aa52 (webtiles) character file.

124 GroovyGamera the Poker (level 5, 0/37 HPs)
             Began as an Octopode Fighter on Nov 18, 2018.
             Succumbed to a goblin's poison
             ... on level 3 of the Dungeon.
             The game lasted 00:05:02 (2054 turns).

GroovyGamera the Poker (Octopode Fighter)           Turns: 2054, Time: 00:05:03

Health: 0/37       AC:  1    Str: 16    XL:     5   Next: 8%
Magic:  5/5        EV: 11    Int: 11    God:
Gold:   106        SH:  9    Dex: 11    Spells: 4/4 levels left

rFire    . . .     SeeInvis .   n - +0 dagger (elec)
rCold    . . .     Gourm    .   b - +0 shield
rNeg     . . .     Faith    .   (helmet restricted)
rPois    .         Spirit   .   (no amulet)
rElec    .         Reflect  .   (no ring)
rCorr    .         Harm     .   (no ring)
MR       .....                  (no ring)
Stlth    ++........             (no ring)
HPRegen  0.12/turn              (no ring)
MPRegen  0.09/turn              (no ring)
                                (no ring)
                                (no ring)

@: lethally poisoned (0 -> -20)
A: almost no armour, stealthy swim, amphibious, 8 rings, constrict 8, camouflage
1, gelatinous body 1
a: no special abilities


You were on level 3 of the Dungeon.
You were not hungry.

You visited 1 branch of the dungeon, and saw 3 of its levels.

You collected 106 gold pieces.

Inventory:

Hand Weapons
 a - a +0 trident
 n - a +0 dagger of electrocution (weapon)
 q - a +0 hunting sling
Missiles
 f - 13 arrows
 h - 38 stones
 i - 20 poisoned needles
 m - 3 exploding tomahawks (quivered)
Armour
 b - a +0 shield (worn)
Scrolls
 e - 7 scrolls of identify {unknown}
 j - 3 scrolls of amnesia {unknown}
 k - a scroll of fog {unknown}
 l - 2 scrolls of immolation {unknown}
 o - 2 scrolls of enchant weapon {unknown}
 r - a scroll of fear {unknown}
Potions
 c - 2 potions of might
 g - a potion of ambrosia {unknown}
 p - a potion of flight {unknown}
 s - a potion of curing {unknown}
 t - a potion of brilliance {unknown}
Comestibles
 d - 5 rations
 u - 5 chunks of flesh


   Skills:
 + Level 3.7 Fighting
 * Level 3.8 Polearms
 - Level 3.0 Dodging
 + Level 3.8 Shields


You had 4 spell levels left.
You didn't know any spells.
Your spell library was empty.

Dungeon Overview and Level Annotations

Branches:
Dungeon (3/15)

Altars:

Annotations:
D:3 Robin


Innate Abilities, Weirdness & Mutations

You cannot wear most types of armour.
You are very stealthy in the water. (Stealth+)
You are amphibious.
You can wear up to eight rings at the same time.
You can use your tentacles to constrict eight enemies at once.
Your skin changes colour to match your surroundings (Stealth+).
Your rubbery body absorbs attacks. (AC +1, EV +1)


Message History

The goblin hits you with a +1 dagger of venom.
You are more poisoned.
Robin hits you from afar with a +0 spear!
Your shield prevents you from hitting the goblin.
Your grab misses the goblin.
You feel sick. The goblin completely misses you.
Robin hits you from afar with a +0 spear.
You feel sick. The goblin closely misses you. You block Robin's attack.
You see here a cursed -3 dagger.
* * * LOW HITPOINT WARNING * * *
You feel sick.
The goblin hits you with a +1 dagger of venom.
* * * LOW HITPOINT WARNING * * *
You are more poisoned.
* * * LOW HITPOINT WARNING * * *
You feel sick.
* * * LOW HITPOINT WARNING * * *
You feel sick.
* * * LOW HITPOINT WARNING * * *
You feel sick.
You die...

# # ... #######
############ .).) #...).#
#..........## ..). #.....#
#..........## .....#.....#
#..........##
....#.....####..........##
..ggg.ggg................
.#)...@####..........##
#.)..#..........#...##
#.....#...##...#.#####
#......#..##..#.......
####....#....#....####
#...).#..#.....#
#..##..##..##..#
#..##..##..##..#
#.....#..#.....#


You could see Robin, 3 hobgoblins and 2 goblins.

Vanquished Creatures
  Jessica (D:3)
  4 adders
  A leopard gecko (D:3)
  2 orcs (D:3)
  2 ball pythons (D:3)
  4 bats
  A giant cockroach (D:1)
  7 goblins
  7 hobgoblins
  6 jackals
  9 kobolds
  5 frilled lizards
  10 rats
59 creatures vanquished.

Notes
Turn   | Place    | Note
-------+----------+-------------------------------------------
     0 | D:1      | GroovyGamera the Octopode Fighter began the quest for the
                  | Orb.
     0 | D:1      | Reached XP level 1. HP: 16/16 MP: 1/1
   104 | D:1      | Reached XP level 2. HP: 21/21 MP: 2/2
   578 | D:2      | Reached XP level 3. HP: 26/26 MP: 3/3
  1687 | D:3      | Reached XP level 4. HP: 31/31 MP: 4/4
  1799 | D:3      | Noticed Jessica
  1807 | D:3      | Killed Jessica
  2038 | D:3      | Noticed Robin
  2039 | D:3      | Reached XP level 5. HP: 37/37 MP: 5/5
  2054 | D:3      | Succumbed to a goblin's poison

Vault maps used:
D:1:      onia_arrival_mini_spirals, due_unseen_surprise
D:2:      minmay_indecisive_spiral
D:3:      minmay_overflow_temple_star_quad, minivault_26, uniq_jessica,
          uniq_robin

Skill      XL: |  1  2  3 |
---------------+----------+-----
Polearms       | 3 |  3.8
Fighting       | |  3.7
Dodging        | |  3.0
Shields        | |  3.8

Action                   |  1- 3 |  4- 6 || total
-------------------------+-------+-------++-------
Melee: Trident           |    50 |       ||    50
       Constrict         |    19 |     7 ||    26
       Tentacles         |    10 |     5 ||    15
       Dagger            |    34 |    24 ||    58
Throw: Stone             |     7 |    29 ||    36
       Tomahawk          |       |     5 ||     5
 Stab: Sleeping          |     3 |       ||     3
  Eat: Chunk             |     2 |     2 ||     4
Armor: Skin              |     7 |     1 ||     8
Dodge: Dodged            |    25 |     8 ||    33
Block: Shield            |    32 |    21 ||    53

Table legend:
 A = Non-vault XP
 B = Vault XP
 C = Vault XP percentage of total XP
 D = Non-vault monster count
 E = Vault monster count
 F = Vault count percentage of total count
                 A         B        C        D         E       F
            +---------+---------+-------+---------+---------+-------
      Total |     123 |      55 |  30.9 |      47 |      12 |  20.3
            +---------+---------+-------+---------+---------+-------
        D:1 |      33 |       0 |   0.0 |      23 |       0 |   0.0
        D:2 |      23 |       4 |  14.8 |       6 |       4 |  40.0
        D:3 |      67 |      51 |  43.2 |      18 |       8 |  30.8
            +---------+---------+-------+---------+---------+-------
